 Dungeon Crawl Stone Soup version 0.28-a0-1236-gb25a51b929 (webtiles) character file.

Game seed: 471195695777628713

322 wakim the Shield-Bearer (level 6, -5/61 HPs)
             Began as a Troll Fighter on Dec 25, 2021.
             Splashed by a jelly's acid (6 damage)
             ... on level 4 of the Dungeon.
             The game lasted 00:15:21 (2439 turns).

wakim the Shield-Bearer (Troll Fighter)             Turns: 2439, Time: 00:15:22

Health: -5/61      AC:  1    Str: 22    XL:     6   Next: 22%
Magic:  5/5        EV: 10    Int: 15    God:
Gold:   105        SH:  0    Dex:  9    Spells: 5/5 levels left

rFire   . . .      SeeInvis .   S - +9 battleaxe of Articulation {freeze, rN+ Str-3 Int+3}
rCold   . . .      Faith    .   (shield currently unavailable)
rNeg    + . .      Spirit   .   a - +0 robe
rPois   .          Reflect  .   (helmet restricted)
rElec   .          Harm     .   Y - +0 cloak
rCorr   .          Rampage  .   (gloves unavailable)
Will    .....                   (boots unavailable)
Stlth   +.........              (no amulet)
HPRegen 1.00/turn               X - +6 ring of intelligence
MPRegen 0.09/turn               (no ring)

@: corroded
A: large, unfitting armour, claws 3, regeneration 1, shaggy fur 1, tough skin 1
a: no special abilities


You were on level 4 of the Dungeon.
You visited 1 branch of the dungeon, and saw 4 of its levels.

You collected 105 gold pieces.

Inventory:

Hand Weapons
 O - a +1 hand axe of venom
 S - the +9 battleaxe of Articulation (weapon) {freeze, rN+ Str-3 Int+3}
   (You acquired it on level 1 of the Dungeon)

   It freezes those it strikes, dealing additional cold damage.
   It can also slow down cold-blooded creatures.
   Str:       It affects your strength (-3).
   Int:       It affects your intelligence (+3).
   rN:        It protects you from negative energy.
Missiles
 U - 6 poisoned darts (quivered)
Armour
 a - a +0 robe (worn)
 b - a +0 kite shield
 Y - a +0 cloak (worn)
Jewellery
 X - a +6 ring of intelligence (left claw)
Scrolls
 Q - 3 scrolls of immolation {!r!r}
 T - a scroll of teleportation
 W - a scroll of amnesia
Potions
 D - a potion of brilliance
 F - 3 potions of curing
 M - 2 potions of mutation {!q}
 N - a potion of might


   Skills:
 + Level 3.5 Fighting
 - Level 2.4 Dodging
 * Level 4.4 Shields
 + Level 3.6 Unarmed Combat


You had 5 spell levels left.
You didn't know any spells.
Your spell library contained the following spells:

 Spells                   Type           Power      Damage    Failure   Level
 Dazzling Flash           Conj/Hex       0%         N/A       63%         3
 Agony                    Necr           0%         N/A       100%        5
 Silence                  Hex/Air        0%         N/A       100%        5


Dungeon Overview and Level Annotations

Branches:
Dungeon (4/15)
 Temple: D:4-7

Altars:

Shops:
D:3 (


Innate Abilities, Weirdness & Mutations

You are too large for most types of armour.
You have claws for hands.
Your natural rate of healing is unusually fast.
You are covered in fur. (AC +1)
You have tough skin. (AC +1)


Message History

3 gnolls come into view.
The gnoll shouts! x2
A jelly comes into view.
The gnoll hits you from afar with a +0 halberd!
You slice the gnoll!! You freeze the gnoll.
You kill the gnoll!
You completely miss the gnoll. The gnoll hits you with a +0 club.
The gnoll hits you from afar with a +0 halberd.
The gnoll barely misses you.
You closely miss the gnoll.
The gnoll hits you from afar with a +0 halberd.
The gnoll barely misses you.
The gnoll hits you from afar with a +0 halberd.
The gnoll hits you with a +0 club. The gnoll barely misses you.
The gnoll hits you with a +0 club.
You see here a +0 club.
You closely miss the gnoll. You slash the gnoll! You freeze the gnoll.
The gnoll barely misses you. The gnoll hits you with a +0 club.
The jelly hits you. The acid corrodes you!
You are splashed with acid!
* * * LOW HITPOINT WARNING * * *
The gnoll hits you with a +0 halberd!
* * * LOW HITPOINT WARNING * * *
The gnoll hits you with a +0 club.
* * * LOW HITPOINT WARNING * * *
You barely miss the gnoll. You completely miss the jelly. You slash the gnoll!
You freeze the gnoll.
You kill the gnoll!
The gnoll hits you with a +0 halberd.
* * * LOW HITPOINT WARNING * * *
The jelly hits you but does no damage.
You barely miss the gnoll. You hit the jelly. You freeze the jelly.
Your claws burn!
* * * LOW HITPOINT WARNING * * *
The jelly barely misses you. The gnoll barely misses you.
The gnoll hits you with a +0 halberd.
* * * LOW HITPOINT WARNING * * *
The jelly hits you.
* * * LOW HITPOINT WARNING * * *
You are splashed with acid.
You die...

. ...... .
.....# .
#####.....#
#....(....# .
#........ .
#...... ##
#.Jg.# .. ..
#..@)#########..
#
#.......#.......
.#
#....##.........
..
#######......>..
.. #......... #.
#......... ..
#......... ..
#..>...... #..
##........##..


You could see a jelly and a gnoll.

Vanquished Creatures
  A hound (D:3)
  Crazy Yiuf (D:4)
  Jessica (D:3)
  Natasha (thrice) (D:2)
  Robin (D:3)
  2 gnolls (D:4)
  5 adders
  2 worms
  3 ball pythons
  5 bats
  7 endoplasms
  2 giant cockroaches
  21 goblins
  9 hobgoblins
  6 kobolds
  4 quokkas
  4 frilled lizards (D:2)
  6 rats
83 creatures vanquished.

Notes
Turn   | Place    | Note
-------+----------+-------------------------------------------
     0 | D:1      | wakim the Troll Fighter began the quest for the Orb.
     0 | D:1      | Reached XP level 1. HP: 22/22 MP: 0/0
   169 | D:1      | Reached XP level 2. HP: 28/29 MP: 1/1
   625 | D:1      | Identified a scroll of acquirement
   639 | D:1      | Acquired the +9 battleaxe of Articulation {freeze, rN+
                  | Str-3 Int+3}
   641 | D:1      | !bestwep
   651 | D:1      | !bestwep
   684 | D:2      | Reached skill level 3 in Shields
   779 | D:2      | Noticed Natasha
   785 | D:2      | Killed Natasha
   786 | D:2      | Reached XP level 3. HP: 35/36 MP: 2/2
  1071 | D:2      | Reached XP level 4. HP: 37/44 MP: 3/3
  1096 | D:2      | !bestwep
  1335 | D:2      | Noticed Natasha
  1340 | D:2      | Killed Natasha
  1402 | D:2      | Noticed Natasha
  1409 | D:2      | Killed Natasha
  1527 | D:3      | Noticed Jessica
  1533 | D:3      | Killed Jessica
  1534 | D:3      | Reached XP level 5. HP: 49/53 MP: 4/4
  1584 | D:3      | Found a faded altar of an unknown god.
  1661 | D:3      | Reached skill level 4 in Shields
  1697 | D:3      | !bestwep
  1968 | D:3      | Noticed Robin
  1977 | D:3      | Killed Robin
  2028 | D:3      | Found Vyofeut's Antique Weapon Boutique.
  2270 | D:4      | Reached XP level 6. HP: 57/61 MP: 5/5
  2288 | D:4      | Found a runed translucent door.
  2289 | D:4      | Noticed Crazy Yiuf
  2296 | D:4      | Killed Crazy Yiuf
  2439 | D:4      | HP: 1/61 [jelly (3)]
  2439 | D:4      | Splashed by a jelly's acid

Illustrated notes ### #.# #.# #.######### #.....†...# ## ##### ##.#######.# .# #...###......# #.# .#####............###.# ................@...#.# ..####............#.#.# ....................#.# #.............÷.....#.#### #......#............#..).# ................)...#.##.# ..#.........#..#.#######.# ............#............# ............#......########### Turn 641 on D:1: !bestwep

## ##### ##.#######.# .#
#...###......# #.#
.#####............###.#
................>...#.#
..####............#.#.#
....................#.#
#.............÷.....#.####
#......#............#..).#
................@...#.##.#
..#.........#..#.#######.#
............#............#
............#......###########
.................÷...........#
##...)............##########.#
######............# #.#
.##..............## #.#
.##..............# #.#


Turn 651 on D:1: !bestwep #.# ############### #.# ..............# #.#
#############.# #.# #### #.# #.########### ...# #.#####.##......... ...#
#.##....#.>........ ...####### #.##@.............. ...#.....#
#.##....#.......... ##.#.###.# #.##....#.......... #.#.#...# #.##....#..........
##.#.#.### #.##....#.......... ...#'#'######.#.....#..........
.##<.()............##.#......#. .##......#####......#.##.#>#.#. ###......#
#......#.#....#.#. Turn 1096 on D:2: !bestwep #........ ########........
.................. #................ #...............# #...............#####
#.................... #......@............. #.........####)......
#...†.....#.......... #.........#..)....... #..................##
#..................# #..................# #####..............# #...........####
Turn 1697 on D:3: !bestwep

Levels and vault maps discovered:
D:1:      minmay_arrival_diagonal_passages, layout_basic
D:2:      layout_basic, hangedman_decor_points, minmay_distorted, uniq_natasha
D:3:      layout_basic, serial_shops, shop, basic_ecumenical_altar, uniq_robin,
          uniq_jessica
D:4:      layout_rooms, uniq_crazy_yiuf_cottage

Skill      XL: |  1  2  3  4  5 |
---------------+----------------+-----
Shields        | 3 4 |  4.4
Fighting       | 3 |  3.5
Unarmed Combat | 3 |  3.6
Dodging        | |  2.4

Action                   |  1- 3 |  4- 6 || total
-------------------------+-------+-------++-------
Melee: Unarmed           |    37 |       ||    37
       Battleaxe         |    28 |    92 ||   120
Throw: Dart              |       |     5 ||     5
  Use: Scroll            |     4 |     6 ||    10
 Stab: Sleeping          |       |     1 ||     1
Armor: Robe              |    28 |    29 ||    57
Dodge: Dodged            |    37 |    62 ||    99

Table legend: (Time is in decaauts)
 A = Elapsed time spent in this place.
 B = Non-inter-level travel time spent in this place.
 C = Inter-level travel time spent in this place.
 D = Time resting spent in this place.
 E = Time spent auto-exploring this place.
 F = Levels seen in this place.
 G = Mean time per level.
                   A        B        C        D        E       F      G
               +--------+--------+--------+--------+--------+-----+--------+
         Total |   2533 |   2287 |    246 |      0 |    255 |   4 |  633.2 |
       Dungeon |   2533 |   2287 |    246 |      0 |    255 |   4 |  633.2 |
               +--------+--------+--------+--------+--------+-----+--------+

Top non-repeatable levels by time:
     D:2: 808 daAuts
     D:3: 788 daAuts
     D:1: 655 daAuts
     D:4: 281 daAuts
